 Dungeon Crawl Stone Soup version 0.28.0-53-g5a82cb258f (webtiles) character file.

Game seed: 14598875405813702037

103 styxcanada the Sneak (level 4, -9/23 HPs)
             Began as a Spriggan Brigand on June 1, 2022.
             Killed from afar by a gnoll (32 damage)
             ... with a bolt of acid
             ... on level 3 of the Dungeon.
             The game lasted 00:08:47 (2525 turns).

styxcanada the Sneak (Spriggan Brigand)             Turns: 2525, Time: 00:08:48

Health: -9/23      AC:  3    Str:  7    XL:     4   Next: 51%
Magic:  6/6        EV: 17    Int: 12    God:
Gold:   105        SH:  0    Dex: 18    Spells: 4/5 levels left

rFire   . . .      SeeInvis +   a - +2 dagger
rCold   . . .      Faith    .   (no shield)
rNeg    . . .      Spirit   .   b - +0 robe
rPois   .          Reflect  .   (helmet restricted)
rElec   .          Harm     .   c - +0 cloak
rCorr   .          Rampage  .   (gloves unavailable)
Will    .....                   (boots unavailable)
Stlth   ++++......              n - amulet of regeneration
HPRegen 0.87/turn               (no ring)
MPRegen 0.10/turn               (no ring)

@: very quick
A: very small, no large weapons, unfitting armour, see invisible, speed 3
a: no special abilities


You were on level 3 of the Dungeon.
You visited 1 branch of the dungeon, and saw 3 of its levels.

You collected 119 gold pieces.
You spent 14 gold pieces at shops.

Inventory:

Hand Weapons
 a - a +2 dagger (weapon)
 j - a +0 hunting sling
Missiles
 d - 8 poisoned darts
 e - 2 curare-tipped darts
 f - 47 stones (quivered)
Armour
 b - a +0 robe (worn)
 c - a +0 cloak (worn)
Jewellery
 n - an amulet of regeneration (around neck)
Scrolls
 g - a scroll of enchant armour {unknown}
 h - a scroll of magic mapping {unknown}
 i - a scroll of noise {unknown}
 l - a scroll of amnesia {unknown}
 p - a scroll of identify {unknown}
Potions
 k - 2 potions of cancellation {unknown}
 m - a potion of curing {unknown}
 o - a potion of lignification {unknown}


   Skills:
 * Level 2.0 Fighting
 + Level 2.5 Short Blades
 + Level 2.2 Throwing
 * Level 2.3 Dodging
 * Level 7.6 Stealth
 * Level 1.1 Spellcasting
 * Level 0.2 Air Magic


You had 4 spell levels left.
You knew the following spells:

 Your Spells              Type           Power      Damage    Failure   Level
a - Shock                 Conj/Air       4%         1d3       28%         1

Your spell library contained the following spells:

 Spells                   Type           Power      Damage    Failure   Level
 Animate Skeleton         Necr           0%         N/A       30%         1
 Apportation              Tloc           0%         N/A       30%         1
 Summon Small Mammal      Summ           0%         N/A       30%         1
 Swiftness                Air            1%         N/A       63%         3
 Confusing Touch          Hex            0%         N/A       65%         3
 Airstrike                Air            0%         N/A       95%         4
 Yara's Violent Unravell  Hex/Tmut       0%         3d3       100%        5
 Enfeeble                 Hex            0%         N/A       100%        7


Dungeon Overview and Level Annotations

Branches:
Dungeon (3/15)

Altars:

Shops:
D:2 !


Innate Abilities, Weirdness & Mutations

You are very small and have problems with some larger weapons.
You are too small for most types of armour.
You have supernaturally acute eyesight. (SInv)
You cover ground extremely quickly. (Speed+++)


Message History

The jackal is heavily wounded.
The jackal bites you but does no damage.
You closely miss the jackal.
The jackal is heavily wounded.
The jackal misses you.
You hit the jackal.
You kill the jackal!
The bat barely misses you.
The frilled lizard unfolds its giant frill.
You hit the bat but do no damage. The bat hits you. The bat misses you.
You hit the bat.
The bat is heavily wounded.
The bat hits you but does no damage. The bat misses you.
You miss the bat.
The bat is heavily wounded.
The bat hits you but does no damage. The bat closely misses you.
You hit the bat.
The bat is severely wounded.
The bat hits you but does no damage. The bat barely misses you.
You closely miss the bat.
The bat is severely wounded.
The bat closely misses you.
You hit the bat.
You kill the bat!
You hit the jackal.
The jackal is severely wounded.
The jackal bites you but does no damage.
The jackal completely misses you.
You hit the jackal.
You kill the jackal!
You hit the frilled lizard.
You kill the frilled lizard!
Items here: ††††.
A gnoll comes into view.
It is wielding a +0 spear and carrying a wand of acid (8).
The gnoll shouts!
You hit the gnoll but do no damage.
You hear a shout! x2
The gnoll zaps a wand.
The bolt of acid hits you!!
Ouch! That really hurt!
You die...

#...# #...
###...
###.....
...... #...#
#..g# ##
#..@###....
+..........
####...###....
#.. #.......#
.. ##..
#.......# ##.#
#.......# .#.#
#.......# .#.#
#.......# <#.#
#.......#


You could see a gnoll.

Vanquished Creatures
  4 adders
  An ufetubus (D:2)
  A dart slug (D:3)
  5 orcs (D:3)
  2 ball pythons
  3 bats
  4 endoplasms (D:1)
  A giant cockroach (D:2)
  5 goblins (D:1)
  9 hobgoblins
  3 jackals (D:3)
  3 kobolds
  A quokka (D:2)
  4 frilled lizards
  6 rats
52 creatures vanquished.

Notes
Turn   | Place    | Note
-------+----------+-------------------------------------------
     0 | D:1      | styxcanada the Spriggan Brigand began the quest for the
                  | Orb.
     0 | D:1      | Reached XP level 1. HP: 10/10 MP: 2/2
    78 | D:1      | Reached skill level 6 in Stealth
   262 | D:1      | Reached XP level 2. HP: 15/15 MP: 3/3
   849 | D:1      | Reached XP level 3. HP: 18/18 MP: 4/4
  1277 | D:2      | Found Ruwuaci's Distillery.
  1284 | D:2      | Bought a potion of degeneration for 14 gold pieces
  1423 | D:2      | Reached skill level 7 in Stealth
  1438 | D:2      | Learned a level 1 spell: Shock
  1674 | D:2      | Reached XP level 4. HP: 18/23 MP: 6/6
  2106 | D:3      | Reached skill level 1 in Spellcasting
  2525 | D:3      | Killed from afar by a gnoll

Illustrated notes

Levels and vault maps discovered:
D:1:      minmay_arrival_widening_spiral_wide, layout_loops_ring
D:2:      layout_loops_corners, serial_shops, shop, minmay_misc_feat_iff,
          kennysheep_generic_room_9
D:3:      layout_basic, minmay_checkerbox

Skill      XL: |  1  2  3  4 |
---------------+-------------+-----
Stealth        | 6 7 |  7.6
Dodging        | 2 |  2.3
Fighting       | 2 |  2.0
Spellcasting   | 1 |  1.1
Short Blades   | |  2.5
Throwing       | |  2.2
Air Magic      | |  0.2

Action                   |  1- 3 |  4- 6 || total
-------------------------+-------+-------++-------
Melee: Dagger            |    81 |    79 ||   160
       Punch             |     1 |     1 ||     2
Throw: Dart              |     9 |    12 ||    21
       Stone             |       |     1 ||     1
 Stab: Sleeping          |    16 |     3 ||    19
Armor: Robe              |     4 |    11 ||    15
Dodge: Dodged            |    47 |    52 ||    99
